 Dungeon Crawl Stone Soup version 0.28-a0-773-g130ae17fe5 (webtiles) character file.

Game seed: 3382225040772912006

654 croobank the Digger (level 7, -1/41 HPs)
             Began as a Gargoyle Earth Elementalist on Nov 1, 2021.
             Shot with an arrow by a centaur (11 damage)
             ... on level 4 of the Dungeon on Nov 2, 2021.
             The game lasted 00:49:37 (4729 turns).

croobank the Digger (Gargoyle Earth Elementalist)   Turns: 4729, Time: 00:49:37

Health: -1/41      AC:  9    Str: 14    XL:     7   Next: 54%
Magic:  12/12      EV: 12    Int: 15    God:
Gold:   136        SH:  0    Dex: 10    Spells: 1/13 levels left

rFire   + . .      SeeInvis .   k - +1 short sword
rCold   x . .      Faith    .   (no shield)
rNeg    + . .      Spirit   .   b - +0 robe
rPois   ∞          Reflect  .   p - +0 helmet
rElec   +          Harm     .   (no cloak)
rCorr   +          Rampage  .   (no gloves)
Will    .....                   o - +0 pair of boots
Stlth   ++........              (no amulet)
HPRegen 0.13/turn               s - ring of resist corrosion
MPRegen 0.13/turn               n - ring of fire

@: no status effects
A: sickness immunity, AC +4, negative energy resistance 1, electricity
resistance, torment resistance 1, petrification resistance
a: no special abilities


You were on level 4 of the Dungeon.
You visited 1 branch of the dungeon, and saw 4 of its levels.

You collected 136 gold pieces.

Inventory:

Hand Weapons
 g - a +0 whip
 i - a +0 dagger
 j - a +0 spear
 k - a +1 short sword (weapon)
 q - a +0 war axe
Missiles
 c - 76 stones
 f - 4 atropa-tipped darts
 m - 2 boomerangs (quivered)
Armour
 a - a +0 kite shield
 b - a +0 robe (worn)
 e - a +0 leather armour
 h - a +0 scale mail
 o - a +0 pair of boots (worn)
 p - a +0 helmet (worn)
Jewellery
 n - a ring of fire (right hand)
 s - a ring of resist corrosion (left hand)
Wands
 v - a wand of flame (14)
Scrolls
 d - 2 scrolls of immolation
 r - a scroll of magic mapping
 t - a scroll of fog {unknown}
 u - a scroll of enchant weapon
 w - a scroll of amnesia {unknown}
 y - a scroll of identify
 z - a scroll of summoning {unknown}
Potions
 l - a potion of degeneration
 x - a potion of curing


   Skills:
 + Level 3.1 Fighting
 + Level 2.2(2.4) Short Blades
 + Level 1.4(2.1) Long Blades
 + Level 1.4(2.1) Axes
 + Level 1.6(2.3) Maces & Flails
 + Level 1.4(2.1) Polearms
 + Level 1.6(2.3) Staves
 + Level 1.4(2.1) Slings
 + Level 1.6 Bows
 + Level 1.6 Crossbows
 + Level 2.3(2.5) Throwing
 + Level 1.8 Armour
 + Level 3.4 Dodging
 + Level 3.7 Stealth
 + Level 1.8 Shields
 + Level 1.7 Unarmed Combat
 + Level 3.9 Spellcasting
 + Level 1.8 Conjurations
 + Level 2.2 Hexes
 + Level 1.4 Summonings
 + Level 1.3 Necromancy
 + Level 1.4 Translocations
 + Level 1.7 Transmutations
 + Level 2.4 Fire Magic
 + Level 1.6 Ice Magic
 + Level 1.7 Air Magic
 + Level 5.7 Earth Magic
 + Level 1.6 Poison Magic
 + Level 1.8 Invocations
 + Level 1.7 Evocations


You had one spell level left.
You knew the following spells:

 Your Spells              Type           Power      Damage    Failure   Level
a - Sandblast             Erth           40%        2d10      1%          1
b - Passwall              Tmut/Erth      11%        N/A       6%          2
c - Wereblood             Tmut           8%         N/A       13%         2
d - Stone Arrow           Conj/Erth      28%        3d8       12%         3
e - Petrify               Tmut/Erth      14%        N/A       36%         4

Your spell library contained the following spells:

 Spells                   Type           Power      Damage    Failure   Level
 Cause Fear               Hex            4%         N/A       58%         4
 Dragon Form              Tmut           4%         N/A       100%        7
 Dragon's Call            Summ           3%         N/A       100%        9
 Shatter                  Erth           10%        3d11*     100%        9


Dungeon Overview and Level Annotations

Branches:
Dungeon (4/15)
 Temple: D:4-7

Altars:
Cheibriados
Nemelex Xobeh
Wu Jian

Shops:
D:1 [


Innate Abilities, Weirdness & Mutations

You are immune to sickness and miasma.
Your stone body is resilient. (AC +4)
You are immune to poison.
You resist negative energy. (rN+)
You are resistant to electric shocks. (rElec)
You are resistant to unholy torment.
You are immune to petrification.


Message History

Aiming: Sandblast (safe; 1% risk of failure)
Press: ? - help, Q - select action, (/) - cycle Shift-Dir - straight line
Okay, then.
Throw: 2 boomerangs
Press: ? - help, Q - select action, (/) - cycle Shift-Dir - straight line, f - centaur
Aim: a centaur, wielding a +0 shortbow and quivering arrows (69% to hit)
You throw a boomerang. The boomerang hits the centaur.
The centaur is lightly wounded.
The centaur shoots an arrow.
The arrow hits you but does no damage.
Throw: 2 boomerangs
Press: ? - help, Q - select action, (/) - cycle Shift-Dir - straight line, f/p - centaur
Aim: a centaur, wielding a +0 shortbow and quivering arrows (lightly wounded, 69% to hit)
You throw a boomerang.
The boomerang closely misses the centaur.
The centaur shoots an arrow.
The arrow barely misses you.
The centaur shoots an arrow.
The arrow hits you.
Throw: 2 boomerangs
Press: ? - help, Q - select action, (/) - cycle Shift-Dir - straight line, f/p - centaur
Aim: a centaur, wielding a +0 shortbow and quivering arrows (lightly wounded, 69% to hit)
You throw a boomerang. The boomerang hits the centaur.
The centaur is lightly wounded.
The centaur shoots an arrow.
The arrow hits you but does no damage.
The centaur shoots an arrow.
The arrow hits you!
Throw: 2 boomerangs
Press: ? - help, Q - select action, (/) - cycle Shift-Dir - straight line, f/p - centaur
Aim: a centaur, wielding a +0 shortbow and quivering arrows (lightly wounded, 69% to hit)
You throw a boomerang. The boomerang hits the centaur.
The centaur is lightly wounded.
The centaur shoots an arrow.
The arrow hits you.
The centaur shoots an arrow.
The arrow hits you.
Throw: 2 boomerangs
Press: ? - help, Q - select action, (/) - cycle Shift-Dir - straight line, f/p - centaur
Aim: a centaur, wielding a +0 shortbow and quivering arrows (lightly wounded, 69% to hit)
You throw a boomerang. The boomerang hits the centaur.
The centaur is moderately wounded.
The centaur shoots an arrow.
The arrow hits you!
The centaur shoots an arrow.
The arrow hits you.
* * * LOW HITPOINT WARNING * * *
The centaur shoots an arrow.
The arrow hits you!
You die...

.... ##.....##....###...
.... #..>#..#....####...
..... ..# #......#......
.c... #.###......#..##..
.... #.#.).............
..##..##...##...#......##
...........#....##......#
....#..).##....#.....##
... #.@..##....#.#.....
##.................
##....#......##...
#...........#....
#.#....#....#....
###.......###....
#..#....#......
####...##......
##.....#.##.


You could see a centaur.

Vanquished Creatures
  A black bear (D:4)
  The ghost of Woods the Insei, an amateur DjTm (D:3)
  2 water moccasin zombies (D:3)
  A bullfrog skeleton (D:3)
  An iguana (D:4)
  An orc wizard (D:3)
  Robin (D:3)
  5 adders
  3 worms
  11 orcs
  3 bats
  4 endoplasms
  5 giant cockroaches
  14 goblins
  4 hobgoblins
  5 quokkas
  5 ball pythons
  5 frilled lizards
  6 kobolds
  6 rats
84 creatures vanquished.

Notes
Turn   | Place    | Note
-------+----------+-------------------------------------------
     0 | D:1      | croobank the Gargoyle Earth Elementalist began the quest
                  | for the Orb.
     0 | D:1      | Reached XP level 1. HP: 10/10 MP: 3/3
   260 | D:1      | Got the Grimoire of Changing and Stones
   371 | D:1      | Found Gymizysh's Antique Armour Boutique.
   434 | D:1      | Reached XP level 2. HP: 10/15 MP: 3/5
  1445 | D:2      | Reached skill level 4 in Earth Magic
  1445 | D:2      | Reached XP level 3. HP: 11/19 MP: 3/6
  1663 | D:2      | Found an ornate altar of the Wu Jian Council.
  2166 | D:2      | Learned a level 2 spell: Passwall
  2169 | D:2      | Learned a level 2 spell: Wereblood
  2230 | D:3      | Found a snail-covered altar of Cheibriados.
  2337 | D:3      | Reached XP level 4. HP: 24/24 MP: 7/7
  2621 | D:3      | Found a runed translucent gate.
  2621 | D:3      | Found a runed translucent gate.
  2622 | D:3      | Found a runed translucent gate.
  2624 | D:3      | Noticed Woods's ghost (amateur DjTm)
  2708 | D:3      | Found a faded altar of an unknown god.
  2711 | D:3      | Noticed Robin
  2759 | D:3      | Killed Robin
  2787 | D:3      | Reached skill level 1 in Throwing
  2992 | D:3      | Learned a level 3 spell: Stone Arrow
  3056 | D:3      | Reached XP level 5. HP: 28/28 MP: 9/9
  3587 | D:3      | Reached skill level 1 in Short Blades
  3587 | D:3      | Reached skill level 1 in Long Blades
  3587 | D:3      | Reached skill level 1 in Axes
  3587 | D:3      | Reached skill level 1 in Maces & Flails
  3587 | D:3      | Reached skill level 1 in Polearms
  3587 | D:3      | Reached skill level 1 in Staves
  3587 | D:3      | Reached skill level 1 in Slings
  3587 | D:3      | Reached skill level 1 in Bows
  3587 | D:3      | Reached skill level 1 in Crossbows
  3587 | D:3      | Reached skill level 1 in Armour
  3587 | D:3      | Reached skill level 1 in Shields
  3587 | D:3      | Reached skill level 1 in Unarmed Combat
  3587 | D:3      | Reached skill level 1 in Conjurations
  3587 | D:3      | Reached skill level 1 in Summonings
  3587 | D:3      | Reached skill level 1 in Necromancy
  3587 | D:3      | Reached skill level 1 in Translocations
  3587 | D:3      | Reached skill level 1 in Transmutations
  3587 | D:3      | Reached skill level 1 in Ice Magic
  3587 | D:3      | Reached skill level 1 in Air Magic
  3587 | D:3      | Reached skill level 5 in Earth Magic
  3587 | D:3      | Reached skill level 1 in Poison Magic
  3587 | D:3      | Reached skill level 1 in Invocations
  3587 | D:3      | Reached skill level 1 in Evocations
  3587 | D:3      | Reached XP level 6. HP: 17/37 MP: 7/11
  3596 | D:3      | Killed Woods's ghost
  3648 | D:3      | Reached XP level 7. HP: 7/41 MP: 1/12
  3998 | D:4      | Found a sparkling altar of Nemelex Xobeh.
  4152 | D:4      | Learned a level 4 spell: Petrify
  4729 | D:4      | Shot with an arrow by a centaur

Illustrated notes

Levels and vault maps discovered:
D:1:      dpeg_arrival_three_bigger_balls, layout_basic, serial_shops, shop
D:2:      layout_basic, basic_altar
D:3:      layout_loops_ring, mainiacjoe_overflow_boulevard,
          gammafunk_ghost_necromancy, hellmonk_ecumenical_altar_blasted,
          nrook_uturn, uniq_robin
D:4:      layout_cave_pools, nemelex_xobeh_ov_fountains_minmay,
          eino_small_chamber_without_monster, minmay_ruined_shrine

Skill      XL: |  1  2  3  4  5  6 |
---------------+-------------------+-----
Dodging        | 2 3 |  3.4
Earth Magic    | 4 5 |  5.7
Throwing       | 1 2 |  2.3
Spellcasting   | 3 |  3.9
Fighting       | 3 |  3.1
Short Blades   | 1 2 |  2.2
Long Blades    | 1 |  1.4
Axes           | 1 |  1.4
Maces & Flails | 1 |  1.6
Polearms       | 1 |  1.4
Staves         | 1 |  1.6
Slings         | 1 |  1.4
Bows           | 1 |  1.6
Crossbows      | 1 |  1.6
Armour         | 1 |  1.8
Stealth        | 3 |  3.7
Shields        | 1 |  1.8
Unarmed Combat | 1 |  1.7
Conjurations   | 1 |  1.8
Hexes          | 2 |  2.2
Summonings     | 1 |  1.4
Necromancy     | 1 |  1.3
Translocations | 1 |  1.4
Transmutations | 1 |  1.7
Fire Magic     | 2 |  2.4
Ice Magic      | 1 |  1.6
Air Magic      | 1 |  1.7
Poison Magic   | 1 |  1.6
Invocations    | 1 |  1.8
Evocations     | 1 |  1.7

Action                   |  1- 3 |  4- 6 |  7- 9 || total
-------------------------+-------+-------+-------++-------
Melee: Unarmed           |    28 |       |       ||    28
       Short sword       |    31 |    80 |    15 ||   126
       Whip              |     4 |       |       ||     4
Throw: Boomerang         |    22 |    28 |    44 ||    94
 Cast: Sandblast         |    23 |    27 |    19 ||    69
       Passwall          |       |     3 |       ||     3
       Wereblood         |       |     1 |       ||     1
  Use: Scroll            |     1 |     1 |     2 ||     4
       Potion            |       |     4 |     1 ||     5
 Stab: Sleeping          |     3 |       |       ||     3
Armor: Robe              |    19 |    42 |    16 ||    77
Dodge: Dodged            |    27 |    63 |    19 ||   109

Table legend: (Time is in decaauts)
 A = Elapsed time spent in this place.
 B = Non-inter-level travel time spent in this place.
 C = Inter-level travel time spent in this place.
 D = Time resting spent in this place.
 E = Time spent auto-exploring this place.
 F = Levels seen in this place.
 G = Mean time per level.
                   A        B        C        D        E       F      G
               +--------+--------+--------+--------+--------+-----+--------+
         Total |   4737 |   4662 |     75 |   1285 |   2275 |   4 | 1184.2 |
       Dungeon |   4737 |   4662 |     75 |   1285 |   2275 |   4 | 1184.2 |
               +--------+--------+--------+--------+--------+-----+--------+

Top non-repeatable levels by time:
     D:3: 2046 daAuts
     D:1: 1251 daAuts
     D:2: 967 daAuts
     D:4: 473 daAuts
